AoeStats
← Random

African Clearing

506555117Analyzed
4v4 RM · 19d ago on Sep 14, 2026· 62m 8s· 8 players
Game mode
Random Map
Map size
Large (8 player)
Population
200
Speed
Normal
Resources
Standard
Victory
Conquest
Starting age
Dark Age
Ending age
Imperial Age
RankedLock teamsTeams togetherTeam positionsShared explorationLock speedFull tech treeHidden civsTurbo modeCheats
Victory
Defeat
🇧🇷 Malay · Brazil
1729
+12
🇨🇱 Mapuche · Chile
1720
+12
🇵🇪 Britons · Peru
1718
+13
🇹🇼 Japanese · Taiwan
1678
+14
🇲🇽 Franks · Mexico
1724
-15
🇺🇸 Slavs · United States
1658
-14
🇩🇪 Turks · Germany
1612
-12
🇨🇦 Saracens · Canada
1572
-10
|Thepejezombie
10:16 Loom
12:35 Feudal Age
13:28 Town Watch
16:45 Castle Age
15:00 Double-Bit Axe
23:55 Bow Saw
34:22 Forging
35:03 Scale Barding Armor
37:21 Iron Casting
38:44 Wheelbarrow
41:22 Imperial Age
39:23 Husbandry
40:22 Hand Cart
42:34 Conscription
43:16 Blast Furnace
42:18 Scale Mail Armor
43:03 Fletching
47:20 Elite Throwing Axeman
49:11 Masonry
50:02 Chemistry
51:32 #83
51:50 Chain Mail Armor
52:29 Architecture
52:31 Light Cavalry
56:49 Chain Barding Armor
56:55 Cavalier
59:19 Plate Barding Armor
58:27 Paladin
Random
7:55 Loom
11:17 Feudal Age
16:25 Town Watch
21:55 Wheelbarrow
23:42 Castle Age
24:03 Gold Mining
24:14 Double-Bit Axe
24:10 Horse Collar
25:30 Bow Saw
27:01 Heavy Plow
37:05 Imperial Age
35:31 Scale Barding Armor
36:13 Forging
37:12 Chain Barding Armor
37:40 Masonry
37:18 Capped Ram
39:08 Light Cavalry
39:58 Bloodlines
39:53 Husbandry
40:50 Fletching
42:23 Light Cavalry
43:40 Plate Barding Armor
45:17 Iron Casting
44:35 Hussar
50:51 Blast Furnace
49:53 Cavalier
52:14 Conscription
55:28 Detinets
Persian Assassin
9:47 Loom
19:00 Feudal Age
24:26 Castle Age
22:46 Double-Bit Axe
23:46 Horse Collar
26:09 Stone Mining
27:33 Town Watch
29:58 Scale Barding Armor
31:11 Wheelbarrow
32:27 Forging
41:07 Chain Barding Armor
43:22 Chain Barding Armor
44:48 Hand Cart
48:52 Imperial Age
48:32 Iron Casting
48:13 Bloodlines
48:04 Husbandry
49:24 Gold Mining
50:25 Conscription
49:55 Elite Mameluke
51:22 Plate Barding Armor
53:36 Blast Furnace
58:41 Light Cavalry
Matzeking
12:58 Feudal Age
13:33 Loom
16:54 Castle Age
15:24 Double-Bit Axe
18:15 Bow Saw
23:53 Horse Collar
32:35 Wheelbarrow
32:03 Town Watch
33:02 Gold Mining
37:09 Imperial Age
35:06 Heavy Plow
36:28 Hand Cart
36:15 Stone Mining
38:59 Padded Archer Armor
42:14 Leather Archer Armor
43:26 Conscription
44:32 Artillery
44:35 Elite Janissary
49:11 Two-Man Saw
50:07 Gold Shaft Mining
53:19 Ring Archer Armor
55:31 Fletching
57:27 Bodkin Arrow
59:11 Bracer
61:18 Ballistics
noru
10:38 Loom
12:28 Feudal Age
16:40 Castle Age
15:38 Double-Bit Axe
19:26 Fletching
19:06 Crossbowman
22:38 Town Watch
24:41 Bodkin Arrow
25:44 Ballistics
26:08 Gold Mining
26:58 Wheelbarrow
27:53 Bow Saw
28:13 Stone Mining
29:40 Gold Mining
29:53 Horse Collar
34:33 Imperial Age
32:42 Treadmill Crane
36:21 Chemistry
36:42 Hand Cart
37:09 Bracer
37:47 Conscription
37:57 Padded Archer Armor
38:04 Arbalester
39:54 Two-Man Saw
39:45 Heavy Plow
39:53 Siege Engineers
40:43 Coinage
41:09 Yeomen
40:46 Onager
42:13 Banking
41:55 Pikeman
42:47 Town Patrol
43:48 Leather Archer Armor
45:07 Masonry
45:50 Ring Archer Armor
47:42 Fortified Wall
48:31 Gold Shaft Mining
52:40 Architecture
54:01 Warwolf
Fs.Diablo
5:13 Loom
13:52 Feudal Age
14:23 Double-Bit Axe
18:15 Castle Age
16:26 Gold Mining
19:32 Wheelbarrow
22:15 Hand Cart
22:34 Forging
22:51 Stone Mining
23:37 Bow Saw
23:18 Horse Collar
26:55 Iron Casting
32:52 Imperial Age
33:31 Blast Furnace
33:02 Conscription
32:48 Elite Karambit Warrior
35:26 Squires
35:12 Arson
37:05 Pikeman
37:58 Halberdier
43:54 Coinage
43:40 Forced Levy
43:02 Man-at-Arms
43:35 Fletching
43:45 Padded Archer Armor
45:12 Gold Shaft Mining
45:13 Stone Shaft Mining
49:03 Crossbowman
49:48 Thumb Ring
49:40 Bodkin Arrow
50:01 Leather Archer Armor
50:52 Arbalester
52:05 Ring Archer Armor
53:22 Bracer
53:43 Ballistics
54:24 Chemistry
53:50 Heavy Plow
57:38 Caravan
58:09 Banking
59:41 Capped Ram
Ancalagon14
9:00 Loom
16:14 Feudal Age
29:02 Double-Bit Axe
29:29 Horse Collar
30:48 Wheelbarrow
34:23 Castle Age
35:53 Hand Cart
36:16 Bow Saw
38:41 Town Watch
41:21 Heavy Plow
42:34 Forging
45:12 Iron Casting
44:37 Gold Mining
47:32 Imperial Age
46:20 Stone Mining
47:10 Gold Shaft Mining
47:04 Fletching
48:06 Bodkin Arrow
48:33 Ballistics
47:35 Elite Kona
48:46 Conscription
48:48 Butalmapu
49:54 Blast Furnace
49:02 Town Patrol
49:54 Hoardings
50:39 Chemistry
49:51 Masonry
52:09 Caravan
53:02 Crop Rotation
53:35 Coinage
55:21 Banking
59:28 Bombard Tower
59:39 Architecture
58:50 Treadmill Crane
60:53 Stone Shaft Mining
蔡正平
5:01 Loom
5:36 Loom
14:45 Feudal Age
21:07 Castle Age
20:37 Double-Bit Axe
21:33 Horse Collar
22:54 Gold Mining
23:08 Heavy Plow
27:25 Fletching
30:11 Wheelbarrow
30:33 Gold Mining
30:59 Bow Saw
35:25 Imperial Age
33:36 Bodkin Arrow
33:46 Stone Mining
34:54 Fishing Lines
36:17 Bracer
36:35 Masonry
37:04 Treadmill Crane
39:08 Kataparuto
40:12 Scale Mail Armor
40:40 Guard Tower
43:45 Hand Cart
43:36 Town Watch
44:35 Gillnets
45:13 Pikeman
45:54 Squires
46:50 Halberdier
49:10 Chain Mail Armor
49:07 Forging
51:30 Murder Holes
51:22 Arrowslits
52:46 Plate Mail Armor
53:55 Keep
54:42 Ballistics
56:19 Chemistry
56:05 Iron Casting
57:14 Two-Man Saw
58:26 Blast Furnace
58:21 Caravan
58:31 Caravan
61:11 Yasama
61:32 Conscription
Connection lost

Rejoining the realm…

Still unreachable

The connection could not be restored.

Session expired

The server has moved on; the page needs a fresh start.